Map: Alcyone LE

Players

LiquidClem (Clem) - Winner!

  • Race: Terran Terran
  • League: Grandmaster
  • Spawn Location: 7:00

Oliveira

  • Race: Terran Terran
  • Spawn Location: 1:00

Event: Bellum Gens Elite Stara Zagora 2024

VOD

Have the link to the VOD?

Description

Time

  • Played on: Sept. 7, 2024, 12:25 p.m.
  • Length: 8:54

All games in this series

Show
View Real Time Build Order
Export as new Build Order

LiquidClem Terran - Winner!

Build Orders: Cyclone Opening 

Get SALT Encoding   

  12  0:00  SCV  
  13  0:12  SCV  
  14  0:16  Supply Depot  
  14  0:24  SCV  
  15  0:38  SCV  
  15  0:40  Barracks  
  15  0:42  Refinery  
  16  0:50  SCV  
  16  0:51  Refinery  
  17  1:02  SCV  
  18  1:14  SCV  
  19  1:26  Orbital Command, Reaper  
  19  1:32  Supply Depot  
  20  1:39  Factory  
  20  1:52  SCV  
  21  1:58  Reaper  
  22  2:04  SCV  
  23  2:16  Command Center  
  23  2:18  SCV  
  24  2:23  Cyclone  
  25  2:30  SCV, Reaper  
  27  2:37  Supply Depot  
  27  2:42  SCV  
  27  2:50  Starport  
  27  2:55  SCV  
  28  3:01  Cyclone  
  29  3:07  SCV, Barracks Reactor  
  30  3:19  SCV  
  31  3:26  Medivac  
  33  3:31  SCV  
  34  3:37  Cyclone  
  34  3:39  Supply Depot  
  36  3:43  Marine x2  
  36  3:44  SCV  
  39  3:57  Starport Tech Lab  
  39  4:00  SCV  
  40  4:02  Supply Depot  
  40  4:04  Marine x2  
  40  4:06  Refinery  
  42  4:10  Factory Tech Lab  
  42  4:12  Orbital Command, SCV  
  43  4:17  Raven  
  43  4:22  Marine  
  44  4:25  SCV  
  42  4:32  Marine  
  42  4:36  Siege Tank  
  42  4:37  SCV  
  47  4:39  SCV  
  47  4:40  Marine  
  49  4:49  Marine  
  49  4:50  SCV  
  49  4:51  SCV  
  52  4:58  Raven, Marine  
  55  5:02  SCV  
  56  5:07  Marine  
  56  5:10  Supply Depot  
  56  5:11  SCV  
  58  5:14  SCV  
  58  5:15  Marine  
  58  5:16  Siege Tank  
  63  5:23  SCV  
  63  5:25  Marine  
  63  5:26  SCV  
  66  5:35  SCV  
  66  5:38  SCV  
  66  5:40  Command Center  
  66  5:43  Supply Depot, Raven  
  66  5:45  Interference Matrix  
  66  5:48  SCV  
  69  5:50  Marine x2  
  69  5:51  SCV  
  69  5:56  Siege Tank  
  75  6:00  SCV, Refinery  
  75  6:03  Supply Depot  
  75  6:04  SCV  
  77  6:09  Marine x2  
  79  6:12  SCV  
  79  6:16  SCV  
  79  6:17  Supply Depot, Raven  
  83  6:24  SCV  
  84  6:27  Supply Depot, Marine x2  
  84  6:28  SCV  
  84  6:29  Siege Tank  
  90  6:36  SCV  
  91  6:40  SCV  
  91  6:43  Supply Depot, Barracks  
  91  6:46  Barracks  
  92  6:48  SCV  
  92  6:52  SCV, Engineering Bay  
  94  6:54  Orbital Command  
  94  6:55  Engineering Bay  
  94  7:01  SCV, Siege Tank  
  95  7:06  Marine  
  95  7:08  SCV, Stimpack  
  99  7:11  Viking  
  99  7:12  Supply Depot  
  102  7:16  Viking  
  102  7:20  SCV  
  102  7:22  Supply Depot, SCV  
  105  7:23  SCV  
  106  7:32  SCV  
  106  7:34  SCV  
  106  7:36  SCV  
  101  7:40  Siege Tank  
  101  7:44  SCV, Barracks Reactor  
  104  7:46  SCV  
  104  7:48  SCV  
  101  7:56  SCV  
  101  7:57  Marine  
  99  7:59  Marine  
  99  8:02  SCV  
  99  8:03  SCV  
  99  8:08  SCV  
  99  8:12  Supply Depot  
  100  8:14  Siege Tank, SCV  
  100  8:17  Barracks Reactor  
  104  8:22  Marine x2  
  104  8:26  Orbital Command  
  108  8:31  Marine  
  109  8:35  SCV x2  
Show
View Real Time Build Order
Export as new Build Order

Oliveira Terran 

Build Orders:  

Get SALT Encoding   

  12  0:00  SCV  
  13  0:12  SCV  
  14  0:18  Supply Depot  
  14  0:24  SCV  
  15  0:44  Refinery, Barracks  
  15  0:55  Barracks  
  15  0:59  SCV  
  16  1:11  SCV  
  17  1:31  Orbital Command, Reaper  
  18  1:32  Refinery  
  18  1:39  Supply Depot  
  18  1:46  Reaper  
  19  1:56  SCV  
  20  2:03  Reaper  
  21  2:09  SCV  
  22  2:18  Reaper  
  22  2:21  SCV  
  24  2:28  Factory  
  24  2:33  SCV  
  25  2:43  Reaper  
  26  2:45  SCV  
  26  2:47  Supply Depot  
  27  2:52  Reaper  
  27  2:57  SCV  
  28  3:09  SCV  
  28  3:12  Cyclone  
  30  3:15  Reaper  
  31  3:23  Starport  
  31  3:30  SCV  
  31  3:31  Command Center  
  32  3:37  Supply Depot  
  32  3:44  Cyclone  
  32  3:45  SCV  
  35  3:57  SCV  
  35  3:59  Viking  
  38  4:09  SCV  
  39  4:17  Factory Tech Lab  
  39  4:18  Refinery  
  30  4:35  SCV, Siege Tank  
  33  4:39  Marine  
  33  4:41  Liberator  
  36  4:59  Barracks Reactor  
  35  5:00  SCV  
  35  5:04  Barracks Tech Lab  
  35  5:06  Command Center  
  33  5:09  Orbital Command  
  33  5:11  Cyclone  
  34  5:17  SCV  
  35  5:22  Marine  
  36  5:29  Stimpack  
  36  5:30  SCV  
  36  5:35  SCV  
  38  5:37  Marine x2  
  38  5:42  SCV  
  41  5:47  SCV  
  42  5:50  Marine, Starport Reactor  
  42  5:53  Siege Tank  
  42  5:54  SCV, Marine  
  48  5:57  Marine  
  48  5:59  SCV  
  50  6:06  SCV  
  50  6:07  Marine  
  53  6:11  SCV  
  53  6:12  Marine  
  53  6:15  Marine  
  55  6:18  Orbital Command, SCV  
  55  6:23  SCV  
  55  6:25  Marine  
  57  6:26  Medivac x2  
  57  6:29  Bunker  
  57  6:31  SCV, Marine  
  64  6:35  SCV  
  64  6:36  Supply Depot  
  68  6:40  Siege Tank  
  68  6:41  Marine  
  68  6:43  Marine  
  68  6:46  SCV x2  
  72  6:47  SCV  
  72  6:49  Marine  
  72  6:53  Supply Depot  
  74  6:59  Marine  
  74  7:01  Marine  
  75  7:03  SCV  
  75  7:04  Barracks  
  75  7:06  SCV  
  75  7:07  SCV  
  79  7:13  Engineering Bay  
  79  7:14  Combat Shield, Starport Reactor, Engineering Bay  
  79  7:16  SCV  
  79  7:20  Refinery  
  79  7:22  Siege Tank  
  83  7:24  Marine x2  
  83  7:25  Marine  
  83  7:27  SCV  
  83  7:41  Marine  
  83  7:42  Marine  
  83  7:43  SCV, Marine  
  71  7:51  Marine  
  71  7:53  Marine  
  71  7:54  Siege Tank  
  71  7:55  Viking  
  71  7:57  Viking  
  78  7:59  SCV, Marine  
  78  8:03  Marine  
  81  8:07  Marine  
  79  8:13  Supply Depot  
  79  8:21  Marine  
  79  8:24  SCV  
Tags
 
Add a new tag
Caveats
  • Supply blocks, unpowered buildings, or Contaminate may cause inaccurate times.
  • Supply counts are checked every 10 seconds.